 Dungeon Crawl Stone Soup version 0.18-a0-1372-gd644665 (webtiles) character file.

137 M4edhros the Sneak (level 5, -5/36 HPs)
             Began as an Octopode Monk on Feb 21, 2016.
             Slain by M4edhros's ghost (7 damage)
             ... on level 3 of the Dungeon.
             The game lasted 00:04:00 (2525 turns).

M4edhros the Sneak (Octopode Monk)                  Turns: 2525, Time: 00:04:00

Health: -5/36      AC:  1    Str: 11    XL:     5   Next: 20%
Magic:  5/5        EV:  8    Int: 12    God:
Gold:   74         SH:  0    Dex: 15    Spells: 0 memorised, 4 levels left

rFire  . . .     SeeInvis .     s - +2 quarterstaff (chaos)
rCold  . . .     Gourm    .     (shield currently unavailable)
rNeg   . . .     Faith    .     (helmet restricted)
rPois  .         Spirit   .     (no amulet)
rElec  .         Dismiss  .     (no ring)
rCorr  .         Reflect  .     (no ring)
SustAt .         Harm     .     (no ring)
MR     .....                    (no ring)
Stlth  ++++......               (no ring)
                                (no ring)
                                (no ring)
                                (no ring)

@: lethally poisoned (-5 -> -15), not resistant to hostile enchantments,
stealthy
A: almost no armour, amphibious, 8 rings, constrict 8, camouflage 1, gelatinous
body 1
a: no special abilities


You were on level 3 of the Dungeon.
You were very hungry.

You visited 1 branch of the dungeon, and saw 3 of its levels.

You collected 74 gold pieces.

Inventory:

Hand Weapons
 o - a cursed -1 hunting sling
 s - a +2 quarterstaff of chaos (weapon)
Missiles
 p - 80 stones (quivered)
Jewellery
 h - an uncursed ring of sustain attributes {unknown}
Wands
 r - a wand of random effects (24/48)
Scrolls
 b - 3 scrolls of remove curse {unknown}
 d - a scroll of enchant armour {unknown}
 e - a scroll of magic mapping {unknown}
 i - a scroll of noise {unknown}
 l - 3 scrolls of amnesia {unknown}
 n - a scroll of immolation {unknown}
Potions
 c - 2 potions of brilliance {unknown}
 f - 2 potions of heal wounds {unknown}
 j - a potion of ambrosia {unknown}
 k - a potion of berserk rage {unknown}
 m - 2 potions of curing {unknown}
 q - a potion of cure mutation {unknown}
Comestibles
 a - 2 bread rations
 g - 9 fruits


   Skills:
 - Level 3.0 Fighting
 - Level 3.0 Dodging
 + Level 5.4 Stealth
 + Level 5.3 Unarmed Combat


You had 4 spell levels left.
You didn't know any spells.

Dungeon Overview and Level Annotations

Branches:
Dungeon (3/15)

Altars:
Dithmenos

Annotations:
D:3 M4edhros's ghost, amateur OpMo


Innate Abilities, Weirdness & Mutations

You cannot wear most types of armour.
You are amphibious.
You can wear up to eight rings at the same time.
You can use your tentacles to constrict eight enemies at once.
Your skin changes colour to match your surroundings (Stealth).
Your rubbery body absorbs attacks (AC +1).


Message History

You feel sick.
Drink which item? (? for menu, Esc to quit)
Okay, then.
You feel sick.
You feel sick.
You feel sick.
You feel sick.
You feel sick.
You feel sick.
You feel sick.
You feel sick.
You feel sick.
M4edhros's ghost whispers, "There is no future for you."
M4edhros's ghost hits you.
* * * LOW HITPOINT WARNING * * *
You are more poisoned.
There is a stone staircase leading up here.
* * * LOW HITPOINT WARNING * * *
You feel sick. M4edhros's ghost hits you!
You die...

#.......>...###
###.###......###
#...#..#......
####.......#..##
#.....#.......##
####.##.....###...#
###.......##..# ##...
######...##.........# ##..
##...##...@..........#####.
##.........W#...............
#...........>###.####......)
#..........o.# #.# ..#.##.
#............# ..# #. ##
#.....[....## #. ..#)###
##....#))..##.#..# #......
#..#####.(.....# ...##.#
#....#..()..#...# #.#


You could see M4edhros's ghost and an orc.

Vanquished Creatures
  Crazy Yiuf (D:2)
  Robin (D:2)
  An adder (D:3)
  An ooze (D:2)
  An orc (D:3)
  7 bats
  3 giant cockroaches
  20 goblins
  9 hobgoblins
  5 giant newts
  4 kobolds
  3 rats
  A fungus (D:2)
57 creatures vanquished.

Vanquished Creatures (others)
  An orc priest (D:3)
1 creature vanquished.

Grand Total: 58 creatures vanquished

Notes
Turn   | Place    | Note
--------------------------------------------------------------
     0 | D:1      | M4edhros the Octopode Monk began the quest for the Orb.
     0 | D:1      | Reached XP level 1. HP: 16/16 MP: 1/1
   157 | D:1      | Reached XP level 2. HP: 21/21 MP: 2/2
   512 | D:2      | Found a shadowy altar of Dithmenos.
   514 | D:2      | Noticed Robin
   524 | D:1      | Reached XP level 3. HP: 4/26 MP: 3/3
  1465 | D:2      | Killed Robin
  1479 | D:2      | Reached XP level 4. HP: 13/31 MP: 4/4
  1869 | D:2      | Noticed Crazy Yiuf
  1878 | D:2      | Killed Crazy Yiuf
  1878 | D:2      | Reached skill level 5 in Stealth
  1878 | D:2      | Reached skill level 5 in Unarmed Combat
  2496 | D:3      | Noticed M4edhros's ghost (amateur OpMo)
  2498 | D:3      | Reached XP level 5. HP: 36/36 MP: 5/5
  2525 | D:3      | Slain by M4edhros's ghost

Vault maps used:
D:1:      moated_graveyard_arrival
D:2:      serial_forest, infiniplex_forest_pool, infiniplex_forest_lined_4_way,
          infiniplex_forest_clump_curved, infiniplex_forest_side_room,
          infiniplex_forest_clump_double, infiniplex_forest_clump_curved,
          infiniplex_forest_corner_2, infiniplex_forest_straight_4,
          grunt_dithmenos_smoke, uniq_crazy_yiuf_cottage, uniq_robin
D:3:      nicolae_gozag_zags_fifth_avenue, hangedman_decor_lopped

Action                   |  1- 3 |  4- 6 || total
-------------------------+-------+-------++-------
Melee: Unarmed           |    72 |    21 ||    93
       Quarterstaff      |       |    22 ||    22
 Stab: Sleeping          |    10 |     5 ||    15
       Distracted        |       |     1 ||     1
  Eat: Chunk             |       |     2 ||     2
       Beef jerky        |       |     1 ||     1
